 Dungeon Crawl Stone Soup version 0.30.1-11-g7821555f0a (webtiles) character file.

Game seed: 16221297722766627098

252 Djon the Slasher (level 6, -2/53 HPs)
             Began as a Hill Orc Gladiator on Jan 9, 2024.
             Slain by an orc
             ... wielding a +0 club
              (4 damage)
             ... on level 4 of the Dungeon.
             The game lasted 00:05:04 (2972 turns).

Djon the Slasher (Hill Orc Gladiator)               Turns: 2972, Time: 00:05:05

Health: -2/53      AC:  9    Str: 17    XL:     6   Next: 13%
Magic:  6/6        EV: 17    Int:  8    God:
Gold:   219        SH:  0    Dex: 20    Spells: 5/5 levels left

rFire   + . .        a - +4 short sword (elec)
rCold   . . .        (no shield)
rNeg    . . .        m - +1 ring mail {rF+}
rPois   .            c - +0 helmet
rElec   .            p - +0 cloak
rCorr   .            q - +0 pair of gloves
SInv    .            (no boots)
Will    .....        (no amulet)
Stlth   +            j - +5 ring of evasion
HPRegen 0.28/turn    t - ring "Bywni" {Wiz Dex+6}
MPRegen 0.10/turn

%: wizardry (x1)
@: mighty, brilliant, lethally poisoned (-2 -> -32), attractive
A: no striking features
a: no special abilities


You were on level 4 of the Dungeon.
You visited 1 branch of the dungeon, and saw 4 of its levels.

You collected 219 gold pieces.

Inventory:

Hand Weapons
 a - a +4 short sword of electrocution (weapon)
 b - a +0 sling
 l - a +0 long sword
Missiles
 e - a javelin (quivered)
 g - 27 stones
Armour
 c - a +0 helmet (worn)
 m - a +1 ring mail of fire resistance (worn)
 p - a +0 cloak (worn)
 q - a +0 pair of gloves (worn)
Jewellery
 j - a +5 ring of evasion (left hand)
 t - the ring "Bywni" (right hand) {Wiz Dex+6}
   (You found it on level 3 of the Dungeon)

   [ring of wizardry]

   It improves your spell success rate.
   Dex:       It affects your dexterity (+6).
 u - a ring of flight
Scrolls
 f - 2 scrolls of vulnerability {unknown}
 i - 6 scrolls of poison {unknown}
 k - 6 scrolls of identify {unknown}
 n - a scroll of teleportation {unknown}
 s - 2 scrolls of acquirement {unknown}
Potions
 h - 2 potions of brilliance


   Skills:
 + Level 4.6 Fighting
 * Level 6.3 Long Blades
 - Level 1.7 Throwing
 - Level 2.4 Dodging


You had 5 spell levels left.
You didn't know any spells.
Your spell library contained the following spells:

 Spells                   Type           Power      Damage    Failure   Level
 Hailstorm                Conj/Ice       0%         3d3       65%         3
 Ice Form                 Ice/Tmut       0%         N/A       95%         4
 Simulacrum               Ice/Necr       0%         N/A       100%        6


Dungeon Overview and Level Annotations

Branches:
Dungeon (4/15)
 Temple: D:4-7

Altars:
Qazlal

Shops:
D:3 [

Annotations:
D:4 2 transporters, middlethird's ghost, amateur VSTm


Message History

The orc is moderately wounded.
You feel sick. The orc hits you but does no damage. Something hits you.
You are more poisoned.
The orc closely misses you.
You barely miss the orc.
The orc is moderately wounded.
You feel very sick. The orc closely misses you.
The orc hits you with a +0 hand axe. The orc completely misses you.
Something hits you.
You are more poisoned.
You puncture something!
You feel very sick.
The orc closely misses you. x3; Something hits you.
You are more poisoned.
It was a potion of brilliance.
You feel clever all of a sudden.
* * * LOW HITPOINT WARNING * * *
You feel extremely sick. The orc completely misses you.
Something hits you but does no damage.
You are more poisoned.
The orc closely misses you. x2
It was a potion of attraction.
You feel attractive to monsters.
* * * LOW HITPOINT WARNING * * *
You feel extremely sick. The orc hits you but does no damage.
The orc misses you.
You hear some strange, mumbled words.
Something tries to affect you, but you resist.
An orc comes into view. It is wielding a +0 club.
The orc is attracted toward you.
It was a potion of might.
You feel very mighty all of a sudden.
* * * LOW HITPOINT WARNING * * *
You feel very sick.
A giant cockroach comes into view.
Something hits you but does no damage.
You are more poisoned.
An orc comes into view. It is wielding a +0 dagger.
The orc hits you with a +0 club.
You die...

......#..##...........
.###..#..####.........B
8#..#..# #..#.......
....$#..# #..#.......
....?#©.# #..........
......#..# ##..........
.#8#..#..###...........
###..#..#...#.oo.....#
Z....#....####@o......
...©#...## #{o......
########..## ##o####..
..........# §.
...........# ...
##.........# o#..
#..#.......# ###..
............# ...
..............


You could see 6 orcs and a giant cockroach (wandering).

Vanquished Creatures
  An ogre (D:4)
  Crazy Yiuf (D:2)
  Terence (D:2)
  2 adders
  A worm (D:2)
  A dart slug (D:2)
  2 orcs
  12 ball pythons
  6 endoplasms
  A giant cockroach (D:1)
  10 goblins
  5 hobgoblins
  8 jackals
  5 quokkas
  6 bats
  2 frilled lizards (D:1)
  9 kobolds
  4 rats
77 creatures vanquished.

Notes
Turn   | Place    | Note
-------+----------+-------------------------------------------
     0 | D:1      | Djon the Hill Orc Gladiator began the quest for the Orb.
     0 | D:1      | Reached XP level 1. HP: 18/18 MP: 1/1
   144 | D:1      | Reached XP level 2. HP: 25/25 MP: 2/2
   592 | D:1      | Reached skill level 4 in Long Blades
   815 | D:1      | Reached XP level 3. HP: 31/31 MP: 3/3
   923 | D:2      | Noticed Terence
   933 | D:2      | Killed Terence
  1118 | D:2      | Reached XP level 4. HP: 38/38 MP: 4/4
  1337 | D:2      | Found a stormy altar of Qazlal.
  1391 | D:2      | Reached skill level 5 in Long Blades
  1728 | D:2      | Found a runed translucent door.
  1729 | D:2      | Noticed Crazy Yiuf
  1740 | D:2      | Killed Crazy Yiuf
  1741 | D:2      | Reached XP level 5. HP: 29/46 MP: 5/5
  2240 | D:3      | Found Rasakeso's Antique Armour Shop.
  2314 | D:3      | Identified the ring "Bywni" {Wiz Dex+6}
  2845 | D:4      | Noticed an ogre
  2855 | D:4      | Killed an ogre
  2856 | D:4      | Reached skill level 6 in Long Blades
  2856 | D:4      | Reached XP level 6. HP: 53/53 MP: 6/6
  2904 | D:4      | Found a transporter.
  2904 | D:4      | Noticed middlethird's ghost (amateur VSTm)
  2950 | D:4      | Found a transporter.
  2972 | D:4      | HP: 2/53 [poisoned by an orc wizard]
  2972 | D:4      | Slain by an orc

Illustrated notes

Levels and vault maps discovered:
D:1:      dpeg_arrival_solitude, layout_basic, minmay_misc_feat_tower,
          chequers_garden
D:2:      layout_loops_corners, basic_altar, uniq_terence,
          uniq_crazy_yiuf_cottage
D:3:      layout_rooms, serial_shops, shop, minmay_quantized
D:4:      layout_layer_cave, minmay_temple_entry_stoned_glass,
          gammafunk_ghost_mausoleum, uniq_edmund

Skill      XL: |  1  2  3  4  5 |
---------------+----------------+-----
Long Blades    | 4 5 6 |  6.3
Fighting       | 3 4 |  4.6
Throwing       | |  1.7
Dodging        | |  2.4

Action                     |  1- 3 |  4- 6 || total
---------------------------+-------+-------++-------
  Melee: Long sword        |    75 |    27 ||   102
         Short sword       |       |   100 ||   100
   Fire: Sling             |       |     2 ||     2
  Throw: Throwing net      |     1 |     3 ||     4
    Use: Potion            |       |     3 ||     3
   Stab: Sleeping          |     1 |       ||     1
         Held in net/web   |       |     1 ||     1
 Armour: Leather armour    |    28 |       ||    28
         Ring mail         |     2 |    39 ||    41
  Dodge: Dodged            |    57 |    78 ||   135
